 Dungeon Crawl Stone Soup version 0.24-a0-513-g284f782df5 (webtiles) character file.

Game seed: 7380561043005947891

126 AarnesTheHuman the Conjurer (level 4, -3/36 HPs)
             Began as a Draconian Conjurer on July 20, 2019.
             Hit by a boomerang thrown by an orc (4 damage)
             ... on level 4 of the Dungeon on July 21, 2019.
             The game lasted 00:11:45 (2841 turns).

AarnesTheHuman the Conjurer (Draconian Conjurer)    Turns: 2841, Time: 00:11:45

Health: -3/36      AC:  5    Str: 13    XL:     4   Next: 83%
Magic:  1/8        EV: 12    Int: 16    God:
Gold:   152        SH:  0    Dex: 12    Spells: 7/8 levels left

rFire    . . .     SeeInvis .   f - +0 dagger
rCold    . . .     Gourm    .   (no shield)
rNeg     . . .     Faith    .   (armour unavailable)
rPois    +         Spirit   .   (helmet restricted)
rElec    .         Reflect  .   (no cloak)
rCorr    .         Harm     +   (no gloves)
MR       .....                  (no boots)
Stlth    ++........             h - amulet of harm
HPRegen  0.12/turn              e - +3 ring of strength
MPRegen  0.11/turn              n - ring of poison resistance

@: lightly drained
A: unfitting armour, cold-blooded, AC +5
a: no special abilities


You were on level 4 of the Dungeon.
You were hungry.

You visited 1 branch of the dungeon, and saw 4 of its levels.

You collected 152 gold pieces.

Inventory:

Hand Weapons
 f - a +0 dagger (weapon)
Jewellery
 e - a +3 ring of strength (left hand)
 h - an amulet of harm (around neck)
 i - a +1 ring of slaying
 k - an uncursed ring of magical power
 n - a ring of poison resistance (right hand)
 q - an uncursed ring of resist corrosion
Wands
 p - a wand of clouds (8)
Scrolls
 c - a scroll of random uselessness
 j - 5 scrolls of identify
 m - 3 scrolls of teleportation
 r - a scroll of enchant armour {unknown}
 s - a scroll of fog {unknown}
Potions
 a - a potion of curing
 d - 2 potions of invisibility {unknown}
 l - 2 potions of mutation
 o - 2 potions of resistance {unknown}
Comestibles
 b - 11 rations


   Skills:
 * Level 1.8(1.5) Fighting
 - Level 0.1(0.0) Short Blades
 - Level 1.7(1.4) Dodging
 - Level 1.7(1.4) Stealth
 - Level 0.3(0.0) Unarmed Combat
 + Level 2.8(2.5) Spellcasting
 + Level 5.3(5.0) Conjurations


You had 7 spell levels left.
You knew the following spells:

 Your Spells              Type           Power        Failure   Level  Hunger
a - Magic Dart            Conj           ###.         2%          1    #......

Your spell library contained the following spells:

 Spells                   Type           Power        Failure   Level  Hunger
 Searing Ray              Conj           ###...       3%          2    ##.....
 Dazzling Spray           Conj/Hex       ##....       22%         3    ###....
 Iskenderun's Mystic Bla  Conj           ###.....     26%         4    #####..
 Force Lance              Conj/Tloc      ##......     56%         4    #####..
 Fulminant Prism          Conj/Hex       ##........   56%         4    #####..


Dungeon Overview and Level Annotations

Branches:
Dungeon (4/15)
 Temple: D:4-7

Altars:
Nemelex Xobeh
Yredelemnul


Innate Abilities, Weirdness & Mutations

Your plain brown scales are hard. (AC +5)
You cannot fit into any form of body armour.
You are cold-blooded and may be slowed by cold attacks.


Message History

Confirm with . or Enter, or press ? or * to list all spells.
Aiming: Magic Dart (safe; 2% risk of failure)
Press: ? - help, Shift-Dir - straight line, f/p - orc wizard
Aim: an orc wizard, wielding a +0 dagger and wearing a +0 robe (heavily wounded)
The magic dart hits the orc wizard.
The orc wizard is heavily wounded.
Casting: Magic Dart (safe; 2% risk of failure)
Confirm with . or Enter, or press ? or * to list all spells.
You don't have enough magic to cast that spell.
Casting: Magic Dart (safe; 2% risk of failure)
Confirm with . or Enter, or press ? or * to list all spells.
You don't have enough magic to cast that spell.
The orc wizard points at you and mumbles some strange words.
The magic dart hits you.
The orc priest calls down the wrath of Beogh upon you.
Beogh smites you!
Ouch! That really hurt!
* * * LOW HITPOINT WARNING * * *
The orc throws a boomerang.
The boomerang hits you.
You die...

.............#.#.#.#.#
#............#.#.#.#.#
.>############.#.#.#.#
#.#..........#.#.#.#.#
..#.#######......#.#.#
..#.##########.#...#.#
..#................#.#
...............#...#.#
################@#.#.######
...oo.............#
...o...#.#.#.###.##
...o...#.#.#.# #.#
..[......#.#.# #.#
###############.#.# #.#
#...............#.# #.#
#.###############.. ... #.#
### ###


You could see an orc priest, 2 orc wizards and an orc.

Vanquished Creatures
  A worker ant (D:4)
  An adder (D:2)
  2 oozes
  5 dart slugs
  A leopard gecko (D:2)
  3 orcs
  9 bats
  3 giant cockroaches
  7 goblins
  9 hobgoblins
  11 kobolds
  2 quokkas
  2 ball pythons
  3 frilled lizards
  8 rats
  A spectral orc (D:3)
68 creatures vanquished.

Notes
Turn   | Place    | Note
-------+----------+-------------------------------------------
     0 | D:1      | AarnesTheHuman the Draconian Conjurer began the quest for
                  | the Orb.
     0 | D:1      | Reached XP level 1. HP: 14/14 MP: 3/3
   105 | D:1      | Reached XP level 2. HP: 20/22 MP: 0/5
   356 | D:1      | Reached XP level 3. HP: 22/27 MP: 6/6
   481 | D:1      | Found a sparkling altar of Nemelex Xobeh.
   528 | D:1      | Reached skill level 1 in Fighting
  1023 | D:2      | Reached skill level 5 in Conjurations
  1126 | D:2      | Reached XP level 4. HP: 35/35 MP: 0/7
  2379 | D:3      | Found a basalt altar of Yredelemnul.
  2840 | D:4      | HP: 1/36 [orc priest/divine providence (18)]
  2841 | D:4      | Hit by a boomerang thrown by an orc

Levels and vault maps discovered:
D:1:      lightli_arrival_farm, layout_loops_ring,
          nemelex_xobeh_ov_fountains_minmay
D:2:      layout_loops_ring, minmay_misc_feat_diagonals
D:3:      layout_basic, yredelemnul_forgotten_temple_becter
D:4:      layout_basic, minmay_temple_entry_grid, first_ration

Skill      XL: |  1  2  3 |
---------------+----------+-----
Fighting       | 1 |  1.8
Conjurations   | 5 |  5.3
Short Blades   | |  0.1
Dodging        | |  1.7
Stealth        | |  1.7
Unarmed Combat | |  0.3
Spellcasting   | |  2.8

Action                   |  1- 3 |  4- 6 || total
-------------------------+-------+-------++-------
Melee: Unarmed           |    26 |       ||    26
       Tailslap          |     7 |     4 ||    11
       Dagger            |    52 |    24 ||    76
 Cast: Magic Dart        |    65 |    56 ||   121
  Use: Scroll            |       |     3 ||     3
       Potion            |       |     1 ||     1
  Eat: Chunk             |     2 |     5 ||     7
Armor: Skin              |    25 |     6 ||    31
Dodge: Dodged            |    45 |    12 ||    57

Table legend:
 A = Non-vault XP
 B = Vault XP
 C = Vault XP percentage of total XP
 D = Non-vault monster count
 E = Vault monster count
 F = Vault count percentage of total count
                 A         B        C        D         E       F
            +---------+---------+-------+---------+---------+-------
      Total |     179 |       1 |   0.6 |      67 |       1 |   1.5
            +---------+---------+-------+---------+---------+-------
        D:1 |      62 |       0 |   0.0 |      32 |       0 |   0.0
        D:2 |      58 |       0 |   0.0 |      21 |       0 |   0.0
        D:3 |      22 |       1 |   4.3 |      12 |       1 |   7.7
        D:4 |      37 |       0 |   0.0 |       2 |       0 |   0.0
            +---------+---------+-------+---------+---------+-------
